 Dungeon Crawl Stone Soup version 0.20-a0-1020-g7b9e4fe (webtiles) character file.

751 Ichigo the Destroyer (level 7, 0/46 HPs)
             Began as a Gnoll Fire Elementalist on Apr 19, 2017.
             Slain by a bullfrog (2 damage)
             ... on level 4 of the Dungeon.
             The game lasted 00:08:57 (4781 turns).

Ichigo the Destroyer (Gnoll Fire Elementalist)      Turns: 4781, Time: 00:08:58

Health: 0/46       AC:  4    Str:  7    XL:     7   Next: 78%
Magic:  1/16       EV: 19    Int: 18    God:
Gold:   176        SH:  0    Dex: 19    Spells: 13/18 levels left

rFire    . . .     SeeInvis .   r - +3 quarterstaff
rCold    . . .     Gourm    .   (shield currently unavailable)
rNeg     . . .     Faith    .   a - +0 robe
rPois    .         Spirit   .   x - +1 helmet
rElec    .         Reflect  .   (no cloak)
rCorr    .         Harm     .   (no gloves)
MR       .....                  (no boots)
Stlth    +++.......             y - amulet of rage
Regen    0.2/turn               (no ring)
MPRegen  0.2/turn               (no ring)

@: agile
A: short attention span, fangs 1, strong nose
a: Evoke Berserk Rage


You were on level 4 of the Dungeon.
You were hungry.

You visited 1 branch of the dungeon, and saw 4 of its levels.

You collected 176 gold pieces.

Inventory:

Hand Weapons
 e - a +0 whip
 r - a +3 quarterstaff (weapon)
Armour
 a - a +0 robe (worn)
 x - a +1 helmet (worn)
Jewellery
 m - an uncursed amulet of guardian spirit
 y - an amulet of rage (around neck)
Scrolls
 d - a scroll of noise {unknown}
 f - 4 scrolls of teleportation {unknown}
 h - 4 scrolls of remove curse {unknown}
 j - a scroll of blinking {unknown}
 k - 5 scrolls of identify
 o - a scroll of random uselessness {unknown}
 p - a scroll of magic mapping {unknown}
 s - a scroll of enchant weapon {unknown}
 t - a scroll of fog {unknown}
 w - a scroll of amnesia {unknown}
 A - a scroll of immolation {unknown}
Potions
 l - a potion of haste {unknown}
 n - a potion of resistance {unknown}
 q - a potion of invisibility {unknown}
 u - a potion of might {unknown}
 z - a potion of heal wounds {unknown}
Books
 b - a book of Flames

   Spells                             Type                      Level
   a - Flame Tongue                   Conjuration/Fire             1
   b - Throw Flame                    Conjuration/Fire             2
   c - Conjure Flame                  Conjuration/Fire             3
   d - Inner Flame                    Hexes/Fire                   3
   e - Sticky Flame                   Conjuration/Fire             4
   f - Fireball                       Conjuration/Fire             5
Comestibles
 c - 3 bread rations
 g - 2 royal jellies
 i - a meat ration
 v - a fruit
 C - 2 chunks of flesh


   Skills:
 - Level 3.0 Dodging
 - Level 2.6 Stealth
 - Level 6.0 Spellcasting
 - Level 8.0 Conjurations
 + Level 7.8 Fire Magic


You had 13 spell levels left.
You knew the following spells:

 Your Spells              Type           Power        Failure   Level  Hunger
a - Flame Tongue          Conj/Fire      ####.        1%          1    None
b - Sticky Flame          Conj/Fire      ####....     6%          4    ####...


Dungeon Overview and Level Annotations

Branches:
Dungeon (4/15)
 Temple: D:4-7

Altars:
Dithmenos
Elyvilon
Fedhas
Gozag
Hepliaklqana
Ru
Sif Muna
Trog
The Shining One


Innate Abilities, Weirdness & Mutations

You have a short attention span.
You have very sharp teeth.
Your uncanny sense of smell can sniff out nearby items.


Message History

Press: ? - help, Shift-Dir - straight line, f - bullfrog
Aim: a bullfrog (lightly wounded)
Okay, then.
It was a potion of agility.
You feel agile all of a sudden. The bullfrog hits you!
* * * LOW HITPOINT WARNING * * *
Casting: Flame Tongue
Confirm with . or Enter, or press ? or * to list all spells.
You don't have enough magic to cast that spell.
Unknown command.
Casting: Flame Tongue
Confirm with . or Enter, or press ? or * to list all spells.
Aiming: Flame Tongue
Press: ? - help, Shift-Dir - straight line, f - bullfrog
Aim: a bullfrog (lightly wounded)
The flame tongue hits the bullfrog.
The bullfrog is heavily wounded.
The bullfrog hits you.
You die...

#.......# #.......#
###### #.......# #....#
##.....## #....#
#......(# #....#
#.......# #....#
#.......#
#####....#####.)....##
.......@...........##
##.#...F....##.#.########
#.................##..
##.)).#########....#..
#..### ###.##.. #..
#..... # ...# ####..#..
##.. ..## #.....###
#####... ##. #...###.# #


You could see a bullfrog.

Vanquished Creatures
  Sigmund (D:4)
  Menkaure (D:4)
  A necrophage (D:3)
  2 orc priests (D:4)
  An orc wizard (D:3)
  An iguana (D:4)
  4 worker ants (D:4)
  A hound skeleton (D:4)
  4 gnolls
  3 adders
  An ooze (D:3)
  2 worms
  4 dart slugs (D:1)
  4 leopard geckos
  7 orcs
  A ball python (D:2)
  6 bats
  5 giant cockroaches
  4 goblins
  9 hobgoblins
  12 kobolds
  A quokka (D:2)
  5 frilled lizards
  6 rats
86 creatures vanquished.

Notes
Turn   | Place    | Note
-------+----------+-------------------------------------------
     0 | D:1      | Ichigo the Gnoll Fire Elementalist began the quest for the Orb.
     0 | D:1      | Reached XP level 1. HP: 13/13 MP: 4/4
   137 | D:1      | Reached XP level 2. HP: 19/19 MP: 0/7
   596 | D:1      | Reached skill level 5 in Spellcasting
   740 | D:1      | Reached XP level 3. HP: 24/24 MP: 5/9
  1891 | D:2      | Found a deep blue altar of Sif Muna.
  2044 | D:2      | Reached skill level 2 in Conjurations
  2074 | D:2      | Reached XP level 4. HP: 27/30 MP: 6/12
  2758 | D:3      | Reached skill level 3 in Conjurations
  2770 | D:3      | Reached skill level 4 in Conjurations
  3057 | D:3      | Found a bloodstained altar of Trog.
  3057 | D:3      | Found a hazy altar of Hepliaklqana.
  3058 | D:3      | Found an opulent altar of Gozag.
  3059 | D:3      | Found a shadowy altar of Dithmenos.
  3059 | D:3      | Found a sacrificial altar of Ru.
  3059 | D:3      | Found a glowing golden altar of the Shining One.
  3062 | D:3      | Found a blossoming altar of Fedhas.
  3180 | D:3      | Reached XP level 5. HP: 35/35 MP: 10/13
  3182 | D:3      | Noticed a necrophage
  3191 | D:3      | Killed a necrophage
  3191 | D:3      | Reached skill level 6 in Conjurations
  3500 | D:3      | Reached XP level 6. HP: 36/41 MP: 10/15
  3625 | D:4      | Reached skill level 7 in Conjurations
  4050 | D:4      | Noticed Menkaure
  4055 | D:4      | Killed Menkaure
  4055 | D:4      | Reached skill level 8 in Conjurations
  4061 | D:4      | Learned a level 4 spell: Sticky Flame
  4063 | D:4      | Found a white marble altar of Elyvilon.
  4125 | D:4      | Reached skill level 5 in Fire Magic
  4125 | D:4      | Reached XP level 7. HP: 46/46 MP: 10/16
  4570 | D:4      | Noticed Sigmund
  4578 | D:4      | Killed Sigmund
  4780 | D:4      | HP: 2/46 [bullfrog (7)]
  4781 | D:4      | Slain by a bullfrog

Vault maps used:
D:1:      minmay_arrival_widening_spiral_wide, minmay_hexomino_p4
D:2:      minmay_kobold_bridge, overflow_temple_1_default, first_bread
D:3:      minmay_diamond_boxcup, grunt_temple_overflow_open
D:4:      old_standard_altar, serial_shops, shop, uniq_sigmund, uniq_menkaure

Skill      XL: |  1  2  3  4  5  6  7 |
---------------+----------------------+-----
Spellcasting   | 4 5 6 |  6.0
Conjurations   | 2 4 6 8 |  8.0
Fire Magic     | 5 7 |  7.8
Dodging        | |  3.0
Stealth        | |  2.6

Action                   |  1- 3 |  4- 6 |  7- 9 || total
-------------------------+-------+-------+-------++-------
Melee: Whip              |     1 |       |       ||     1
       Quarterstaff      |       |    12 |     9 ||    21
       Bite              |       |     1 |     1 ||     2
 Cast: Flame Tongue      |    58 |    67 |     9 ||   134
       Sticky Flame      |       |     2 |    12 ||    14
  Use: Scroll            |       |     1 |       ||     1
       Potion            |       |       |     1 ||     1
 Stab: Sleeping          |       |     2 |       ||     2
  Eat: Chunk             |     3 |     6 |     4 ||    13
Armor: Robe              |     2 |     2 |     2 ||     6
Dodge: Dodged            |     8 |    18 |    10 ||    36
